 Dungeon Crawl Stone Soup version 0.19.5 (webtiles) character file.

30 tidbits the Slasher (level 3, 24/24 HPs)
             Began as a High Elf Skald on Nov 17, 2017.
             Quit the game on level 1 of the Dungeon.
             The game lasted 00:04:15 (751 turns).

tidbits the Slasher (High Elf Skald)                 Turns: 751, Time: 00:04:15

Health: 24/24      AC:  4    Str: 12    XL:     3   Next: 3%
Magic:  8/8        EV: 11    Int: 16    God:
Gold:   40         SH:  0    Dex: 14    Spells: 3 memorised, 2 levels left

rFire  . . .     SeeInvis .     a - +0 falchion
rCold  . . .     Gourm    .     B - +0 leather armour
rNeg   . . .     Faith    .     (no shield)
rPois  .         Spirit   .     (no helmet)
rElec  .         Reflect  .     (no cloak)
rCorr  .         Harm     .     (no gloves)
MR     .....                    F - +0 pair of boots
Stlth  +.........               (no amulet)
                                (no ring)
                                (no ring)

@: no status effects
A: no striking features
a: no special abilities


You were on level 1 of the Dungeon.
You were not hungry.

You visited 1 branch of the dungeon, and saw 2 of its levels.

You collected 40 gold pieces.

Inventory:

Hand Weapons
 a - a +0 falchion (weapon)
 k - a +0 war axe of freezing
   (You found it on level 2 of the Dungeon)
Missiles
 h - 25 bolts
 i - 44 arrows
 j - 31 stones (quivered)
Armour
 b - a +0 ring mail
   (You found it on level 1 of the Dungeon)
 B - a +0 leather armour (worn)
 F - a +0 pair of boots (worn)
   (You found it on level 2 of the Dungeon)
Scrolls
 e - a scroll of noise {unknown}
 g - a scroll of enchant armour {unknown}
 l - a scroll of identify {unknown}
 n - a scroll of teleportation {unknown}
 p - a scroll of blinking {unknown}
 q - a scroll of recharging {unknown}
Potions
 f - 2 potions of brilliance {unknown}
 m - a potion of lignification {unknown}
 o - a potion of curing {unknown}
Books
 c - a book of Battle

   Spells                             Type                      Level
   a - Infusion                       Charms                       1
   b - Shroud of Golubria             Charms/Translocation         2
   c - Song of Slaying                Charms                       2
   d - Spectral Weapon                Hexes/Charms                 3
   e - Regeneration                   Charms/Necromancy            3
Comestibles
 d - a bread ration


   Skills:
 - Level 2.0 Fighting
 - Level 3.9 Long Blades
 - Level 0.8 Armour
 - Level 1.1 Dodging
 + Level 2.9 Spellcasting
 - Level 3.6 Charms


You had 2 spell levels left.
You knew the following spells:

 Your Spells              Type           Power        Failure   Level  Hunger
g - Shroud of Golubria    Chrm/Tloc      #.........   17%         2    ##.....
i - Infusion              Chrm           ##..         8%          1    #......
y - Song of Slaying       Chrm           ##......     12%         2    ##.....


Dungeon Overview and Level Annotations

Branches:
Dungeon (2/15)

Altars:

Annotations:
D:2 Natasha


Message History

You see here 8 gold pieces.
You now have 37 gold pieces (gained 8).
Your magical infusion is running out.
You are no longer magically infusing your attacks.
There is a stone staircase leading up here.
You climb upwards.
There is a stone staircase leading down here.
Magic restored.
A rat comes into view.
The rat bites you but does no damage.
You closely miss the rat. The rat misses you.
You hit the rat.
You kill the rat!
HP restored.
Found 7 stones.
You see here 7 stones.
j - 31 stones (gained 7)
You open the door.
A kobold comes into view.
There is an open door here.
Casting: Infusion
Confirm with . or Enter, or press ? or * to list all spells.
You begin infusing your attacks with magical energy.
You closely miss the kobold. The kobold hits you but does no damage.
You closely miss the kobold. The kobold barely misses you. x2
You hit the kobold.
You kill the kobold!
Your magical infusion is running out.
You are no longer magically infusing your attacks.
A kobold comes into view.
The kobold shouts!
The kobold completely misses you.
You barely miss the kobold. The kobold completely misses you.
You riposte.
You hit the kobold but do no damage. You closely miss the kobold.
The kobold hits you.
You hit the kobold.
The kobold is severely wounded.
The kobold barely misses you.
You riposte.
You closely miss the kobold.
The kobold is severely wounded.
You miss the kobold.
The kobold is severely wounded.
The kobold hits you but does no damage.
You closely miss the kobold.
The kobold is severely wounded.
The kobold barely misses you.
You barely miss the kobold.
The kobold is severely wounded.
The kobold hits you.
You hit the kobold.
You kill the kobold!
Found a ring mail.
You see here a ring mail.
b - a ring mail A giant cockroach comes into view.
Found a robe.
You hit the giant cockroach but do no damage.
The giant cockroach barely misses you.
You hit the giant cockroach.
The giant cockroach is heavily wounded.
The giant cockroach bites you but does no damage. x2
You closely miss the giant cockroach.
The giant cockroach is heavily wounded.
The giant cockroach misses you.
You hit the giant cockroach.
The giant cockroach is severely wounded.
The giant cockroach bites you but does no damage.
You barely miss the giant cockroach.
The giant cockroach is severely wounded.
The giant cockroach completely misses you.
You riposte.
You hit the giant cockroach.
You kill the giant cockroach!
You have reached level 3!
Your experience leads to an increase in your attributes!
Increase (S)trength, (I)ntelligence, or (D)exterity?
You feel stronger.
You feel clever.
Okay, then.
You see here a giant cockroach corpse.
Found a scroll labeled QOLI HIENY.
You see here a scroll labeled QOLI HIENY.
q - a scroll labeled QOLI HIENY A hobgoblin comes into view.
The hobgoblin shouts!
Casting: Infusion
Confirm with . or Enter, or press ? or * to list all spells.
You begin infusing your attacks with magical energy.
You closely miss the hobgoblin. The hobgoblin closely misses you.
You hit the hobgoblin.
The hobgoblin is severely wounded.
The hobgoblin closely misses you.
You hit the hobgoblin!
You kill the hobgoblin!
You open the door.
There is an open door here.
Your magical infusion is running out.
You are no longer magically infusing your attacks.
Magic restored.
Found 3 gold pieces.
You see here 3 gold pieces.
You now have 40 gold pieces (gained 3).
Are you sure you want to abandon this character and quit the game? (Confirm with "yes".)

#.##.#.#.#.# ###.#### #
#.##.#.#.#.# #.# #
#.##.#.#.#.# #.# #####
#.##.#.#.#.# #.# #...#
#.##.#.#.#.######'## #...#
#.##.#...#.#.......# #...#
#..........#.......# #...#
####.####.##.......###...#
#.# #.@..............# #.#
#.##.......###.### #.#
#.##.......# #.# #.#
#.##.....†.# #.# #.#
#.#######'## #.# #.# #.#
#.# #.# #.# #.# #.# #.#
#.# #.# #.# #.# #.# #.#


There were no monsters in sight!

Vanquished Creatures
  A dart slug (D:1)
  A leopard gecko (D:2)
  2 bats (D:2)
  A giant cockroach (D:1)
  2 goblins
  4 hobgoblins
  4 jackals (D:1)
  A frilled lizard (D:1)
  5 kobolds
  3 rats
24 creatures vanquished.

Notes
Turn   | Place    | Note
-------+----------+-------------------------------------------
     0 | D:1      | tidbits the High Elf Skald began the quest for the Orb.
     0 | D:1      | Reached XP level 1. HP: 14/14 MP: 4/4
   203 | D:1      | Reached skill level 3 in Long Blades
   207 | D:1      | Reached XP level 2. HP: 10/19 MP: 1/6
   211 | D:1      | Learned a level 2 spell: Song of Slaying
   214 | D:1      | Learned a level 2 spell: Shroud of Golubria
   407 | D:2      | Noticed Natasha
   638 | D:1      | Reached XP level 3. HP: 20/24 MP: 8/8
   751 | D:1      | Quit the game

Skill      XL: |  1 |
---------------+----+-----
Long Blades    | 3 |  3.9
Fighting       | |  2.0
Armour         | |  0.8
Dodging        | |  1.1
Spellcasting   | |  2.9
Charms         | |  3.6

Action                   || total
-------------------------++-------
Melee: Falchion          ||    54
 Cast: Infusion          ||    11
Armor: Leather armour    ||    17
Dodge: Dodged            ||    27
       Rpst.: Falchion   ||     9

Table legend:
 A = Turns spent in this place as a percentage of turns spent in the entire game.
 B = Non-inter-level travel turns spent in this place as a percentage of non-inter-level travel turns spent in the entire game.
 C = Inter-level travel turns spent in this place as a percentage of turns spent in this place.
 D = Turns resting spent in this place as a percentage of non-inter-level travel turns spent in this place.
 E = Turns spent auto-exploring this place as a percentage of non-inter-level travel turns spent in this place.
 F = Non-inter-level travel turns spent in this place divided by the number of levels of this place that you've seen.
                   A       B       C       D       E      F
               +-------+-------+-------+-------+-------+----------------------
         Total | 100.0 | 100.0 |   0.0 |   0.0 |   0.0 | 294.5
       Dungeon | 100.0 | 100.0 |   0.0 |   0.0 |   0.0 | 294.5
               +-------+-------+-------+-------+-------+----------------------

Table legend:
 A = Kills in this place as a percentage of kills in entire the game.
 B = Kills by you in this place as a percentage of kills by you in the entire game.
 C = Kills by friends in this place as a percentage of kills by friends in the entire game.
 D = Other kills in this place as a percentage of other kills in the entire game.
 E = Experience gained in this place as a percentage of experience gained in the entire game.
 F = Experience gained in this place divided by the number of levels of this place that you have seen.
                   A       B       C       D       E      F
               +-------+-------+-------+-------+-------+----------------------
         Total | 100.0 | 100.0 |  -nan |  -nan | 100.0 |  21.5
       Dungeon | 100.0 | 100.0 |  -nan |  -nan | 100.0 |  21.5
               +-------+-------+-------+-------+-------+----------------------

Vault maps used:
D:1:      minmay_arrival_stone_box
D:2:      minmay_wonky_spiral, serial_glass, glass_columns_b, glass_columns_b,
          tgw_kikubaaqudgha, uniq_natasha
